 Dungeon Crawl Stone Soup version 0.27.1-34-g3ba077fa99 (webtiles) character file.

Game seed: 8012472688808948001

1282 cbfl8 the Covered (level 8, -12/53 (70) HPs)
             Began as a Minotaur Delver on Jan 20, 2022.
             Mangled by a wight (13 damage)
             ... on level 5 of the Dungeon.
             The game lasted 00:19:14 (9808 turns).

cbfl8 the Covered (Minotaur Delver)                 Turns: 9808, Time: 00:19:14

HP:   -12/53 (70)   AC:  5    Str: 16    XL:     8   Next: 29%
MP:   7/7           EV: 12    Int:  9    God:
Gold: 359           SH:  0    Dex: 13    Spells: 7/7 levels left

rFire    . . .     SeeInvis .   A - +3 short sword
rCold    . . .     Faith    .   (no shield)
rNeg     . . .     Spirit   .   r - +0 ring mail
rPois    +         Reflect  .   (helmet restricted)
rElec    .         Harm     .   (no cloak)
rCorr    .         Rampage  .   (no gloves)
Will     .....                  (no boots)
Stlth    ++........             (no amulet)
HPRegen  0.17/turn              (no ring)
MPRegen  0.10/turn              (no ring)

@: hasted, heavily drained, very quick
A: horns 2, retaliatory headbutt, iridescent scales 1, deformed body, mutation
resistance 1, sense surroundings 1, poison resistance
a: no special abilities


You were on level 5 of the Dungeon.
You visited 1 branch of the dungeon, and saw 6 of its levels.

You collected 359 gold pieces.

Inventory:

Hand Weapons
 a - a +0 hand axe
 j - a +1 vampiric dagger
 l - a +1 short sword of draining
 o - a +0 shortbow
 s - a +2 whip of venom
 A - a +3 short sword (weapon)
Missiles
 e - 5 javelins (quivered)
 t - 85 arrows
 w - a throwing net
 z - 41 bolts
Armour
 b - a +0 leather armour
 h - a +0 scale mail
 i - the +1 robe of Beogh's Righteous Fury {Will+}
   (You found it on level 5 of the Dungeon)

   Will:      It increases your willpower.
 n - a +0 chain mail
 r - a +0 ring mail (worn)
Jewellery
 k - a +4 ring of evasion
 p - a ring of flight
Wands
 g - a wand of digging (3)
Scrolls
 c - a scroll of fog
 d - 3 scrolls of magic mapping
 q - 3 scrolls of enchant armour
 y - a scroll of enchant weapon
Potions
 v - a potion of brilliance


   Skills:
 + Level 5.9 Fighting
 + Level 2.0 Short Blades
 + Level 3.2(4.1) Axes
 + Level 3.8(4.4) Maces & Flails
 + Level 6.4 Armour
 + Level 4.0 Dodging
 + Level 6.1 Stealth


You had 7 spell levels left.
You didn't know any spells.
Your spell library was empty.

Dungeon Overview and Level Annotations

Branches:
Dungeon (6/15)
 Temple: D:4-7

Altars:
Fedhas
Kikubaaqudgha

Shops:
D:4 ?


Innate Abilities, Weirdness & Mutations

You have a pair of horns on your head.
You reflexively headbutt those who attack you in melee.
You are partially covered in iridescent scales. (AC +2)
Armour fits poorly on your strangely shaped body.
You are somewhat resistant to further mutation.
You passively map a small area around you.
Your system is resistant to poisons. (rPois)


Message History

There is a stone staircase leading up here.
There is a stone staircase leading up here.
There is a stone staircase leading up here.
There is a stone staircase leading up here.
There is a stone staircase leading up here.
The wight hits you with a +0 scimitar.
You feel drained.
You closely miss the wight. The wight closely misses you.
Your ring mail prevents you from hitting the wight.
The wight hits you with a +0 scimitar!
You hit the wight but do no damage. You headbutt the wight!
The wight is heavily damaged.
The wight barely misses you.
You closely miss the wight.
The wight is heavily damaged.
The wight hits you with a +0 scimitar!
You feel drained.
You hit the wight but do no damage.
You headbutt the wight, but do no damage.
The wight is heavily damaged.
The wight hits you with a +0 scimitar.
You feel drained.
You closely miss the wight.
You headbutt the wight, but do no damage.
The wight is heavily damaged.
The wight closely misses you.
You hit the wight. You headbutt the wight.
The wight is heavily damaged.
The wight hits you with a +0 scimitar!
* * * LOW HITPOINT WARNING * * *
You feel drained.
* * * LOW HITPOINT WARNING * * *
You hit the wight.
The wight is severely damaged.
The wight hits you with a +0 scimitar!
* * * LOW HITPOINT WARNING * * *
You feel drained.
* * * LOW HITPOINT WARNING * * *
Okay, then.
As you read the scroll of fog, it crumbles to dust.
The scroll dissolves into smoke.
The wight hits you but does no damage.
You feel yourself speed up. The wight hits you with a +0 scimitar!
You die...

##..............#......
*#....................
#............ #..
#............# #..
##.............## ##.
##...............# ##
#....§§§.........### #
#...§§§§.###...#...# #
#...§§@§## #.Y.#.##
##..§§z## ###.#..#
##..§.§.########....#
#.........).....###.###
#.......#######..##....
#..<....# ##.......
##.....## ##......
##...## #...... #####
#......


You could see a wight.

Vanquished Creatures
  A yak (D:5)
  A black bear (D:4)
  2 ogres (D:4)
  A phantom (D:3)
  2 centaurs
  2 kobold brigands (D:4)
  3 scorpions
  A wight (D:6)
  A jelly (D:4)
  A hound (D:5)
  An orc wizard (D:5)
  3 gnolls (D:5)
  6 adders
  A white imp (D:5)
  An ufetubus (D:5)
  An adder skeleton (D:4)
  2 worms (D:3)
  A dart slug (D:2)
  7 orcs (D:4)
  5 ball pythons
  6 bats
  9 endoplasms
  2 giant cockroaches
  8 goblins
  5 hobgoblins
  3 jackals (D:1)
  4 quokkas
  4 frilled lizards (D:1)
  35 kobolds
119 creatures vanquished.

Vanquished Creatures (others)
  67 plants (D:4)
67 creatures vanquished.

Grand Total: 186 creatures vanquished

Notes
Turn   | Place    | Note
-------+----------+-------------------------------------------
     0 | D:5      | cbfl8 the Minotaur Delver began the quest for the Orb.
     0 | D:5      | Reached XP level 1. HP: 19/19 MP: 0/0
    23 | D:5      | Reached XP level 2. HP: 16/27 MP: 1/1
    33 | D:5      | Identified the +1 robe of Beogh's Righteous Fury {Will+}
    50 | D:5      | Noticed a scorpion
    68 | D:5      | Killed a scorpion
    69 | D:5      | Reached skill level 5 in Stealth
    69 | D:5      | Reached XP level 3. HP: 12/33 MP: 2/2
    69 | D:5      | Reached XP level 4. HP: 15/40 MP: 3/3
   815 | D:2      | Found an ancient bone altar of Kikubaaqudgha.
  2204 | D:2      | Noticed a scorpion
  2211 | D:2      | Killed a scorpion
  2212 | D:2      | Reached skill level 1 in Armour
  2212 | D:2      | Reached XP level 5. HP: 29/46 MP: 4/4
  2798 | D:2      | Reached skill level 1 in Maces & Flails
  2881 | D:2      | Found a faded altar of an unknown god.
  3372 | D:3      | Found a blossoming altar of Fedhas.
  3733 | D:3      | Noticed a phantom
  3750 | D:3      | Killed a phantom
  3751 | D:3      | Reached XP level 6. HP: 26/53 MP: 5/5
  4557 | D:4      | Reached XP level 7. HP: 47/60 MP: 6/6
  4699 | D:4      | Reached skill level 5 in Fighting
  4928 | D:4      | HP: 2/61 [kobold (4)]
  4929 | D:4      | Gained mutation: You have sharp fingernails. [potion of
                  | mutation]
  4929 | D:4      | Gained mutation: Your system is resistant to poisons.
                  | (rPois) [potion of mutation]
  5941 | D:4      | Found Ribbueci's Magic Scroll Shoppe.
  6126 | D:5      | Noticed a yak
  6134 | D:5      | Noticed a yak
  6197 | D:4      | Reached skill level 1 in Short Blades
  6197 | D:4      | Reached skill level 5 in Armour
  6748 | D:5      | Noticed a yak
  6749 | D:5      | Noticed a yak
  6749 | D:5      | Noticed a yak
  6778 | D:5      | Noticed a yak
  6779 | D:5      | Reached XP level 8. HP: 25/69 MP: 7/7
  7790 | D:5      | Lost mutation: You have sharp fingernails. [potion of
                  | mutation]
  7790 | D:5      | Gained mutation: Armour fits poorly on your strangely
                  | shaped body. [potion of mutation]
  7790 | D:5      | Gained mutation: You are partially covered in iridescent
                  | scales. (AC +2) [potion of mutation]
  7790 | D:5      | Gained mutation: You passively map a small area around you.
                  | [potion of mutation]
  7790 | D:5      | Gained mutation: You are somewhat resistant to further
                  | mutation. [potion of mutation]
  9806 | D:5      | HP: 1/53 [wight (3)]
  9808 | D:5      | Mangled by a wight

Illustrated notes

Levels and vault maps discovered:
D:1:      tarquinn_simple_flora_water_e, layout_loops_ring, minivault_5,
          chequers_avenue
D:2:      layout_basic, basic_altar, chequers_ecumenical_altar_grove
D:3:      layout_basic, lemuel_crystal_altar
D:4:      kennysheep_kobold_camp, layout_basic, serial_shops, nicolae_shop_stone
D:5:      layout_rooms
D:6:      layout_gridville, mainiacjoe_overflow_concentric_impassable,
          minmay_misc_feat_columns, minmay_small_thing, uniq_grinder,
          uniq_menkaure

Skill      XL: |  1  2  3  4  5  6  7  8 |
---------------+-------------------------+-----
Fighting       | 4 5 |  5.9
Stealth        | 5 6 |  6.1
Axes           | 3 |  3.2
Armour         | 1 3 4 5 6 |  6.4
Maces & Flails | 1 2 3 |  3.8
Dodging        | 3 4 |  4.0
Short Blades   | 1 2 |  2.0

Action                   |  1- 3 |  4- 6 |  7- 9 || total
-------------------------+-------+-------+-------++-------
Melee: Hand axe          |     8 |    41 |       ||    49
       Headbutt          |     3 |    28 |    29 ||    60
       Whip              |       |   119 |    25 ||   144
       Short sword       |       |       |   133 ||   133
  Use: Potion            |       |       |    10 ||    10
       Scroll            |       |       |     9 ||     9
 Stab: Sleeping          |       |    10 |     1 ||    11
Armor: Scale mail        |     4 |     6 |       ||    10
       Ring mail         |       |    43 |    71 ||   114
       Chain mail        |       |    11 |       ||    11
Dodge: Dodged            |     4 |    72 |   124 ||   200
